 Dungeon Crawl Stone Soup version 0.31-a0-1074-g0b22e4e0f1 (webtiles) character file.

Game seed: 5005915217675120813

169272 gribnar the Fencer (level 17, 0/147 HPs)
             Began as a Demonspawn Gladiator on Nov 6, 2023.
             Was the Champion of Wu Jian.
             Slain by a +3 lajatang of holy wrath (22 damage)
             ... on level 2 of the Elven Halls on Dec 3, 2023.
             The game lasted 01:20:11 (32216 turns).

gribnar the Fencer (Demonspawn Gladiator)          Turns: 32216, Time: 01:20:11

Health: 0/147      AC: 12    Str: 14    XL:     17   Next: 35%
Magic:  26/26      EV: 31    Int: 11    God:    Wu Jian [******]
Gold:   1813       SH:  5    Dex: 28    Spells: 16/16 levels left

rFire   + . .        I - +8 scimitar (flame)
rCold   . . .        (no shield)
rNeg    + . .        R - +0 acid dragon scales
rPois   .            (helmet unavailable)
rElec   .            X - +1 cloak of Starlight {*Dazzle EV+4 Stlth--}
rCorr   +            Z - +3 pair of gauntlets of War {Slay+5}
SInv    .            (boots unavailable)
Will    +....        W - amulet of reflection Stlth
                     n - ring "Xinuq" {rF+ rN+ MP+9 Dex+6 Slay+3}
HPRegen 0.44/turn    a - +4 ring of slaying
MPRegen 0.20/turn

%: reflection
@: lethally poisoned (0 -> -20), studying 3 skills
A: hooves 3, horns 3, ignite blood 2, powered by pain 1, augmentation 1, demonic
touch 2
a: Renounce Religion, Wall Jump, Serpent's Lash, Heavenly Storm


You were on level 2 of the Elven Halls.
You worshipped Wu Jian.
Wu Jian was exalted by your worship.
You visited 5 branches of the dungeon, and saw 25 of its levels.
You also visited: Sewer, Bailey, Gauntlet and Ice Cave.

You collected 3054 gold pieces.
You spent 1241 gold pieces at shops.

Inventory:

Hand Weapons
 I - a +8 scimitar of flaming (weapon)
 L - a +5 great sword of protection
Missiles
 d - 5 throwing nets (quivered)
 e - 5 javelins
Armour
 R - +0 acid dragon scales (worn)
 X - the +1 cloak of Starlight (worn) {*Dazzle EV+4 Stlth--}
   (You bought it in a shop on level 2 of the Orcish Mines)

   *Dazzle:   It may blind those who miss an attack against the wearer in melee
   combat.
   EV+4:      It affects your evasion (+4).
   Stlth--:   It makes you much less stealthy.
 Z - the +3 pair of gauntlets of War (worn) {Slay+5}
   (You found it in a Gauntlet)

   Slay+5:    It affects your accuracy & damage with ranged weapons and melee
   (+5).
Jewellery
 a - a +4 ring of slaying (right hand)
 h - a ring of resist corrosion
 n - the ring "Xinuq" (left hand) {rF+ rN+ MP+9 Dex+6 Slay+3}
   (You found it in a Gauntlet)

   [ring of dexterity]

   Dex+6:     It affects your dexterity (+6).
   Slay+3:    It affects your accuracy & damage with ranged weapons and melee
   (+3).
   rF+:       It protects you from fire.
   rN+:       It protects you from negative energy.
   MP+9:      It affects your magic capacity (+9).
 G - the ring of Ocop Vol {rN+ rCorr Str+2 Dex+6}
   (You found it in a Gauntlet)

   [ring of resist corrosion]

   Str+2:     It affects your strength (+2).
   Dex+6:     It affects your dexterity (+6).
   rN+:       It protects you from negative energy.
   rCorr:     It protects you from acid and corrosion.
 U - a ring of protection from cold
 W - an amulet of reflection (around neck)
Wands
 b - a wand of roots (10)
 c - a wand of mindburst (7)
 o - a wand of flame (26)
 w - a wand of polymorph (11)
 F - a wand of digging (18)
 K - a wand of light (9)
 S - a wand of paralysis (9)
Scrolls
 f - 4 scrolls of enchant armour
 g - 18 scrolls of teleportation
 i - 4 scrolls of amnesia
 j - 6 scrolls of summoning
 p - 2 scrolls of immolation
 x - 5 scrolls of revelation
 z - 2 scrolls of vulnerability
 E - 7 scrolls of fog
 H - 12 scrolls of identify
 J - a scroll of silence
 M - 3 scrolls of brand weapon
 T - 2 scrolls of fear
 V - 2 scrolls of blinking
 Y - 3 scrolls of poison
Potions
 l - a potion of invisibility
 m - 9 potions of enlightenment
 q - a potion of magic
 r - 7 potions of curing
 t - 5 potions of mutation
 u - 7 potions of heal wounds
 v - 6 potions of berserk rage
 A - 6 potions of haste
 B - 7 potions of might
 C - 3 potions of cancellation
 D - a potion of lignification
 O - a potion of attraction
 P - 10 potions of ambrosia
 Q - 3 potions of brilliance
Miscellaneous
 k - a lightning rod (3/4)
 s - a box of beasts
 y - a phantom mirror (inert)
 N - a condenser vane (inert)


   Skills:
 + Level 17.0 Fighting
 + Level 17.6 Long Blades
 + Level 6.0 Throwing
 + Level 15.6 Dodging
 + Level 10.1 Evocations


You had 16 spell levels left.
You didn't know any spells.
Your spell library contained the following spells:

 Spells                   Type           Power      Damage    Failure   Level
 Apportation              Tloc           0%         N/A       45%         1
 Kiss of Death            Conj/Necr      0%         2d5       45%         1
 Magic Dart               Conj           0%         1d3       45%         1
 Necrotise                Necr           0%         1d4       45%         1
 Sandblast                Erth           0%         2d4       45%         1
 Summon Small Mammal      Summ           0%         N/A       45%         1
 Call Imp                 Summ           0%         N/A       61%         2
 Cigotuvi's Dreadful Rot  Necr/Pois/Air  0%         N/A       61%         2
 Ensorcelled Hibernation  Hex/Ice        0%         N/A       61%         2
 Jinxbite                 Hex            0%         N/A       61%         2
 Passwall                 Tmut/Erth      0%         N/A       61%         2
 Scorch                   Fire           0%         2d5       61%         2
 Sublimation of Blood     Necr           0%         N/A       61%         2
 Call Canine Familiar     Summ           0%         N/A       83%         3
 Confusing Touch          Hex            0%         N/A       83%         3
 Hailstorm                Conj/Ice       0%         3d3       83%         3
 Mephitic Cloud           Conj/Pois/Air  0%         N/A       83%         3
 Ozocubu's Armour         Ice            0%         N/A       83%         3
 Sigil of Binding         Hex            0%         N/A       83%         3
 Stone Arrow              Conj/Erth      0%         3d7       83%         3
 Swiftness                Air            0%         N/A       83%         3
 Tukima's Dance           Hex            0%         N/A       83%         3
 Anguish                  Hex/Necr       0%         N/A       99%         4
 Animate Armour           Summ/Erth      0%         N/A       99%         4
 Brom's Barrelling Bould  Conj/Erth      0%         2d3       99%         4
 Dimensional Bullseye     Hex/Tloc       0%         N/A       99%         4
 Dispel Undead            Necr           0%         3d6       99%         4
 Flame Wave               Conj/Fire      0%         2d4       99%         4
 Iskenderun's Mystic Bla  Conj/Tloc      0%         2d3       99%         4
 Leda's Liquefaction      Hex/Erth       0%         N/A       99%         4
 Manifold Assault         Tloc           0%         N/A       99%         4
 Passage of Golubria      Tloc           0%         N/A       99%         4
 Petrify                  Tmut/Erth      0%         N/A       99%         4
 Summon Ice Beast         Ice/Summ       0%         N/A       99%         4
 Summon Lightning Spire   Summ/Air       0%         N/A       99%         4
 Vhi's Electric Charge    Tloc/Air       0%         N/A       99%         4
 Arcjolt                  Conj/Air       0%         1d10      100%        5
 Irradiate                Conj/Tmut      0%         3d11      100%        5
 Iskenderun's Battlesphe  Conj           0%         2d6       100%        5
 Lee's Rapid Deconstruct  Erth           0%         3d4*      100%        5
 Silence                  Hex/Air        0%         N/A       100%        5
 Summon Forest            Summ/Tloc      0%         N/A       100%        5
 Summon Mana Viper        Hex/Summ       0%         N/A       100%        5
 Bombard                  Conj/Erth      0%         9d1       100%        6
 Death Channel            Necr           0%         N/A       100%        6
 Dispersal                Tloc           0%         N/A       100%        6
 Simulacrum               Ice/Necr       0%         N/A       100%        6
 Summon Cactus Giant      Summ           0%         N/A       100%        6
 Ozocubu's Refrigeration  Ice            0%         4d7       100%        7
 Spellforged Servitor     Conj/Summ      0%         N/A       100%        7
 Disjunction              Tloc           0%         N/A       100%        8
 Lehudib's Crystal Spear  Conj/Erth      0%         10d2      100%        8
 Maxwell's Capacitive Co  Air            0%         ∞         100%        8
 Polar Vortex             Ice            0%         N/A       100%        9


Dungeon Overview and Level Annotations

Branches:
Dungeon (15/15) Temple (1/1) D:7 Lair (5/5) D:11 Shoals (0/4) Lair:2 Spider (0/4) Lair:3 Slime (0/5) Lair:4 Orc (2/2) D:9 Elf (2/3) Orc:2 Vaults (0/5) D:13 D:14 Depths (0/4) D:15 Sewer (visited) Bailey (visited) IceCv (visited) Gauntlet (visited)

Altars:
Ashenzari
Cheibriados
Dithmenos
Fedhas
Gozag
Hepliaklqana
Kikubaaqudgha
Makhleb
Nemelex Xobeh
Okawaru
Qazlal
Ru
Sif Muna
Trog
Uskayaw
Vehumet
Wu Jian
Xom
Yredelemnul

Shops:
D:5 *   D:10 !:(=[:   Orc:2 [*=*[   Elf:2 (

Annotations:
D:4 2 runed translucent doors, lunkers's ghost, novice MeSh
D:5 1 runed translucent door, perezv8180's ghost, novice DrBe
D:8 3 runed translucent doors, Eugor's ghost, journeyman DECj; Lobster4's ghost, novice TrEE
D:10 4 transporters, 1 runed translucent door, ChaoticPyre's ghost, novice DsSh
Lair:3 2 transporters
Lair:5 exclusion: obsidian statue
Orc:1 2 transporters


Innate Abilities, Weirdness & Mutations

You have hooves in place of feet.
You have a pair of large horns on your head.
Your demonic aura often causes spilled blood to erupt in flames.
You sometimes gain a little power by taking damage.
Your magical and physical power is slightly enhanced at high health.
Your touch may inflict irresistible damage on your foes.


Message History

You are poisoned.
The +4 battleaxe of venom is engulfed in blazing flames.
The +4 battleaxe of venom hits you!
You are more poisoned.
You closely miss the +4 battleaxe of venom.
You kick the +4 battleaxe of venom, but do no damage.
You touch the +4 battleaxe of venom!
The +4 battleaxe of venom is moderately damaged.
You feel extremely sick.
Unknown command.
You open the +4 battleaxe of venom like a pillowcase!!!
You burn the +4 battleaxe of venom.
The +4 battleaxe of venom falls from the air.
The Council accepts your kill.
You feel extremely sick.
Unknown command.
You closely miss the +3 lajatang of holy wrath.
Your kick misses the +3 lajatang of holy wrath.
You headbutt the +3 lajatang of holy wrath.
The +3 lajatang of holy wrath is lightly damaged.
You feel very sick. The +1 heavy war axe hits you!
The +3 lajatang of holy wrath is engulfed in blazing flames.
You block the +3 lajatang of holy wrath's attack.
You hit the +3 lajatang of holy wrath. You kick the +3 lajatang of holy wrath.
Your headbutt misses the +3 lajatang of holy wrath.
The +3 lajatang of holy wrath is heavily damaged.
You feel very sick.
You block the +3 lajatang of holy wrath's attack.
The +1 heavy war axe hits you but does no damage.
You closely miss the +3 lajatang of holy wrath.
The +3 lajatang of holy wrath is heavily damaged.
You feel very sick.
The +3 lajatang of holy wrath is engulfed in blazing flames.
The +3 lajatang of holy wrath hits you!!
* * * LOW HITPOINT WARNING * * *
You convulse!!
* * * LOW HITPOINT WARNING * * *
The +3 lajatang of holy wrath hits you!!
You die...

#....#
#.........
##....##
##........
##......###
###......
#.........##
#.....
#..........#
#.....
#..........#
##....
##..........
###..
##..°......
##.
#°@(......
#.
#.(.......
##.
#..........
.###..
#...........
.......
#...........
.......
#...........
........
##..........
........
##.....###.
...###.. ..#
##.


You could see 2 dancing weapons.

Vanquished Creatures
  Rupert (Lair:4)
  A deep elf blademaster (Elf:2)
  Kirke (Lair:5)
  Gastronok (D:9)
  Louise (D:14)
  An orc warlord (Bailey)
  A reaper (IceCv)
  2 deep elf demonologists (Elf:1)
  2 dire elephants (Lair:5)
  A minotaur (Gauntlet)
  A deep elf annihilator (Elf:2)
  A deep elf death mage (Elf:2)
  A deep elf high priest (Elf:1)
  A great orb of eyes (Gauntlet)
  3 hydras
  Fannar (D:9)
  Erolcha (D:10)
  2 ice dragons (D:15)
  21 two-headed ogres
  3 centaur warriors
  2 catoblepae
  5 boulder beetles
  20 dancing weapons
  4 ogre magi (Orc:2)
  6 death yaks (Lair:5)
  A vampire mage (Elf:1)
  A spectral dire elephant (Lair:5)
  4 orc high priests
  A tengu warrior (D:15)
  15 deep elf knights
  Sonja (D:10)
  A skyshark (Lair:5)
  A spectral death yak (Lair:5)
  4 skeletal warriors
  A spectral anaconda (Lair:5)
  An orb spider (shapeshifter) (Elf:1)
  2 shadow demons (Elf:1)
  17 deep elf zephyrmancers
  4 orc knights
  A phantasmal warrior (Lair:5)
  8 deep elf archers
  3 oklob plants (Lair:1)
  25 deep elf pyromancers
  3 necromancers (Lair:5)
  8 ugly things
  4 manticores
  5 cyclopes
  11 elephants (Lair:5)
  An ice statue (IceCv)
  4 black mambas
  12 cane toads
  A smoke demon (Gauntlet)
  An unseen horror (D:12)
  2 gargoyles (D:12)
  2 minotaur zombies (Gauntlet)
  4 yaktaurs (D:14)
  3 rime drakes
  4 kobold demonologists
  2 efreet
  An unseen horror (shapeshifter) (Elf:1)
  9 komodo dragons
  3 ice devils
  A troll (shapeshifter) (Elf:1)
  A wandering mushroom (Lair:1)
  3 anaconda simulacra (IceCv)
  A red devil (Gauntlet)
  A queen bee (D:9)
  10 trolls
  2 polar bears (Lair:4)
  A hornet (shapeshifter) (D:15)
  Grinder (Sewer)
  2 jumping spiders (Lair:3)
  8 dream sheep (Lair:5)
  A spectral elephant (Lair:5)
  12 blink frogs
  A shadow (D:12)
  3 air elementals
  A culicivora (Lair:3)
  2 spriggans (Lair:4)
  10 slime creatures
  3 hogs
  6 wyverns
  2 water elementals
  2 wraiths (D:10)
  2 dire elephant simulacra
  4 fire elementals
  17 humans
  5 basilisks
  2 death yak simulacra (Lair:5)
  A chaos spawn (Gauntlet)
  A neqoxec (Gauntlet)
  22 yaks
  2 redbacks (Lair:3)
  A harpy simulacrum (IceCv)
  6 vampire mosquitoes
  4 steam dragons
  3 wargs
  Duvessa (D:4)
  2 acid dragons (D:11)
  9 water moccasins
  2 ice beasts
  36 orc warriors
  3 sky beasts (D:11)
  A swamp drake (D:9)
  4 black bears
  3 boggarts (Elf:1)
  30 ogres
  2 elephant zombies (Lair:5)
  7 centaurs
  A phantom (D:6)
  49 wolves
  3 kobold brigands
  An elephant skeleton (Lair:5)
  A gnoll sergeant (D:7)
  An earth elemental (Elf:1)
  4 scorpions
  4 bullfrogs
  7 two-headed ogre simulacra (IceCv)
  A cane toad simulacrum (Lair:5)
  14 wights
  Dowan (D:4)
  4 elephant simulacra
  27 killer bees
  3 electric eels
  3 howler monkeys
  4 crimson imps (Gauntlet)
  2 quasits (Sewer)
  6 hounds
  2 gnoll boudas (D:6)
  21 orc priests
  3 jellies
  A sleepcap (D:7)
  An iguana (D:6)
  16 orc wizards
  9 spriggan simulacra (IceCv)
  A polar bear simulacrum (IceCv)
  4 troll simulacra (IceCv)
  4 wolf simulacra (IceCv)
  17 gnolls
  6 naga simulacra (IceCv)
  8 adders
  2 river rats (D:4)
  2 shadow imps
  9 white imps
  5 ufetubi
  A worm (D:4)
  A dart slug (D:4)
  111 orcs
  5 ball pythons
  7 endoplasms
  7 giant cockroaches
  13 goblins
  12 hobgoblins
  7 jackals
  6 quokkas
  8 bats
  2 frilled lizards
  42 kobolds
  A kobold zombie (Sewer)
  7 rats
976 creatures vanquished.

Vanquished Creatures (collateral kills)
  A dancing weapon (Elf:2)
  A deep elf knight (Elf:2)
2 creatures vanquished.

Vanquished Creatures (others)
  A deep elf archer (Elf:2)
  An unseen horror (D:10)
  A bullfrog (Lair:2)
3 creatures vanquished.

Grand Total: 981 creatures vanquished

Notes
Turn   | Place    | Note
-------+----------+-------------------------------------------
     0 | D:1      | gribnar the Demonspawn Gladiator began the quest for the
                  | Orb.
     0 | D:1      | Reached XP level 1. HP: 16/16 MP: 1/1
    34 | D:1      | Found a faded altar of an unknown god.
   199 | D:1      | Gained mutation: Your demonic aura sometimes causes spilled
                  | blood to erupt in flames. [demonic ancestry]
   199 | D:1      | Reached XP level 2. HP: 19/22 MP: 2/2
   737 | D:2      | Discovered your monstrous ancestry.
   737 | D:2      | Gained mutation: You have large cloven feet. [demonic
                  | ancestry]
   737 | D:2      | Reached XP level 3. HP: 21/27 MP: 3/3
  1397 | D:3      | Noticed an ogre
  1413 | D:3      | Killed an ogre
  1414 | D:3      | Reached skill level 5 in Long Blades
  1414 | D:3      | Gained mutation: You have hoof-like feet. [demonic
                  | ancestry]
  1414 | D:3      | Reached XP level 4. HP: 30/33 MP: 4/4
  1414 | D:3      | Reached XP level 5. HP: 34/38 MP: 5/5
  2375 | D:4      | Found an ancient bone altar of Kikubaaqudgha.
  2437 | D:4      | Gained mutation: You have a pair of small horns on your
                  | head. [demonic ancestry]
  2437 | D:4      | Reached XP level 6. HP: 44/44 MP: 6/6
  2529 | D:4      | Found a glowing drain.
  2535 | Sewer    | Entered a sewer
  2673 | Sewer    | Found a burning altar of Makhleb.
  2745 | Sewer    | Gained mutation: You sometimes gain a little power by
                  | taking damage. [demonic ancestry]
  2745 | Sewer    | Reached XP level 7. HP: 49/50 MP: 7/7
  2766 | Sewer    | Noticed Grinder
  2782 | Sewer    | Killed Grinder
  3507 | D:4      | Noticed Duvessa
  3507 | D:4      | Noticed Dowan
  3515 | D:4      | Killed Duvessa
  3518 | D:4      | Killed Dowan
  3563 | D:4      | Found a runed translucent door.
  3564 | D:4      | Noticed lunkers's ghost (novice MeSh)
  3634 | D:4      | Found a runed translucent door.
  3753 | D:5      | Entered Level 5 of the Dungeon
  3769 | D:5      | Found a runed translucent door.
  3769 | D:5      | Noticed perezv8180's ghost (novice DrBe)
  3846 | D:5      | Gained mutation: Your touch may inflict minor irresistible
                  | damage on your foes. [demonic ancestry]
  3846 | D:5      | Reached XP level 8. HP: 56/56 MP: 8/8
  4388 | D:5      | Found Oni Qoem's Elemental Accessories.
  4395 | D:5      | Reached skill level 10 in Long Blades
  4656 | D:6      | Upgraded the game from 0.31-a0-986-g5e6e4ef867 to
                  | 0.31-a0-1074-g0b22e4e0f1
  5031 | D:6      | Gained mutation: You have a pair of horns on your head.
                  | [demonic ancestry]
  5031 | D:6      | Reached XP level 9. HP: 51/64 MP: 9/9
  6619 | D:7      | Found a staircase to the Ecumenical Temple.
  6626 | Temple   | Entered the Ecumenical Temple
  6637 | Temple   | Became a worshipper of the Wu Jian Council
  6960 | D:8      | Reached skill level 5 in Fighting
  7042 | D:8      | Found a runed translucent gate.
  7042 | D:8      | Found a runed translucent gate.
  7042 | D:8      | Found a runed translucent gate.
  7047 | D:8      | Noticed Eugor's ghost (journeyman DECj)
  7047 | D:8      | Noticed Lobster4's ghost (novice TrEE)
  7082 | D:8      | Reached skill level 5 in Dodging
  7466 | D:8      | Reached * piety under Wu Jian
  7706 | D:8      | Gained mutation: Your demonic aura often causes spilled
                  | blood to erupt in flames. [demonic ancestry]
  7706 | D:8      | Reached XP level 10. HP: 56/76 MP: 10/10
  8557 | D:9      | Found a flagged portal.
  8578 | Bailey   | Entered a bailey
  8599 | Bailey   | Noticed an orc warlord
  8641 | Bailey   | Reached ** piety under Wu Jian
  8659 | Bailey   | Noticed an orc knight
  8685 | Bailey   | Killed an orc knight
  8686 | Bailey   | Reached skill level 1 in Evocations
  8936 | Bailey   | Found a runed translucent gate.
  8939 | Bailey   | Found a runed translucent gate.
  8940 | Bailey   | Found a runed translucent gate.
  9058 | Bailey   | Killed an orc warlord
  9209 | Bailey   | Reached skill level 5 in Evocations
  9209 | Bailey   | Gained mutation: You have hooves in place of feet. [demonic
                  | ancestry]
  9209 | Bailey   | Reached XP level 11. HP: 87/87 MP: 11/11
  9210 | Bailey   | Identified the staff "Ejask" {rElec rPois Str+4 Int+3
                  | Poison}
  9390 | D:9      | Noticed a two-headed ogre
  9396 | D:9      | Killed a two-headed ogre
  9442 | D:9      | Noticed Gastronok
  9512 | D:9      | Killed Gastronok
 10029 | D:9      | You fall into a shaft and drop 1 floor!
 10029 | D:10     | Entered Level 10 of the Dungeon
 10029 | D:10     | Found Xoneug's Book Shoppe.
 10039 | D:10     | Reached XP level 12. HP: 63/96 MP: 12/12
 10047 | D:10     | Noticed Sonja
 10052 | D:10     | Found Tishpak's Dragon-Slaying Spoils.
 10328 | D:10     | Reached *** piety under Wu Jian
 10457 | D:9      | Found a staircase to the Orcish Mines.
 10607 | D:10     | Noticed a two-headed ogre
 10608 | D:10     | Noticed Erolcha
 10617 | D:10     | Killed a two-headed ogre
 10621 | D:10     | Killed Erolcha
 10812 | D:10     | Noticed ChaoticPyre's ghost (novice DsSh)
 10816 | D:10     | Found Raovemn's Distillery.
 10830 | D:10     | Bought a potion of curing for 51 gold pieces
 10830 | D:10     | Bought a potion of curing for 51 gold pieces
 10862 | D:10     | Killed Sonja
 10863 | D:10     | Reached skill level 10 in Fighting
 10893 | D:10     | Found Loted's Antique Weapon Boutique.
 10916 | D:10     | Found Tutyul's Book Shoppe.
 10932 | D:10     | Found a transporter.
 10952 | D:10     | Found a transporter.
 10986 | D:10     | Found Femmyeq's Jewellery Emporium.
 11043 | D:10     | Found a transporter.
 11049 | D:10     | Found a runed translucent door.
 11095 | D:10     | Found a transporter.
 11720 | D:11     | Noticed a two-headed ogre
 11747 | D:11     | Killed a two-headed ogre
 12331 | D:11     | Found a staircase to the Lair.
 12898 | Orc:1    | Entered Level 1 of the Orcish Mines
 12912 | Orc:1    | Reached skill level 10 in Dodging
 13058 | Orc:1    | Noticed Fannar
 13185 | D:9      | Killed Fannar
 13259 | Orc:1    | Reached **** piety under Wu Jian
 13755 | Orc:1    | Noticed a stone giant
 13756 | Orc:1    | Found a transporter.
 13756 | Orc:1    | Noticed a two-headed ogre
 13777 | Orc:1    | Found a transporter.
 13780 | Orc:1    | Noticed an orc high priest
 13919 | Orc:1    | Noticed a two-headed ogre
 13923 | Orc:1    | Killed a two-headed ogre
 14068 | Orc:2    | Entered Level 2 of the Orcish Mines
 14335 | Orc:2    | Gained mutation: Your touch may inflict irresistible damage
                  | on your foes. [demonic ancestry]
 14335 | Orc:2    | Reached XP level 13. HP: 106/106 MP: 13/13
 14913 | Orc:2    | Reached ***** piety under Wu Jian
 15547 | Orc:2    | Found a staircase to the Elven Halls.
 15568 | Orc:2    | Found Kifoquej's Assorted Antiques.
 15568 | Orc:2    | Found Ruesy's Jewellery Boutique.
 15569 | Orc:2    | Found Foassuw's General Store.
 15569 | Orc:2    | Found Suny's Antique Armour Shoppe.
 15579 | Orc:2    | Bought a scroll labelled DOXKETHITU for 23 gold pieces
 15579 | Orc:2    | Bought a blue potion for 20 gold pieces
 15584 | Orc:2    | Bought a potion of might for 48 gold pieces
 15586 | Orc:2    | Bought an amulet of reflection for 390 gold pieces
 15627 | Orc:2    | Found Roanout's Armour Emporium.
 15637 | Orc:2    | Bought the +1 cloak of Starlight {*Dazzle EV+4 Stlth--} for
                  | 427 gold pieces
 15637 | Orc:2    | Found the +1 cloak of Starlight {*Dazzle EV+4 Stlth--}
 15684 | Orc:2    | Bought a +2 pair of gloves for 231 gold pieces
 16717 | Lair:1   | Entered Level 1 of the Lair of Beasts
 16723 | Lair:1   | Gained mutation: You have a pair of large horns on your
                  | head. [demonic ancestry]
 16723 | Lair:1   | Reached XP level 14. HP: 104/116 MP: 14/14
 17063 | Lair:1   | Found a gate leading to a gauntlet.
 17072 | Gauntlet | Entered a Gauntlet
 17072 | Gauntlet | Found a transporter.
 17072 | Gauntlet | Found a transporter.
 17109 | Gauntlet | Found a transporter.
 17121 | Gauntlet | Found a transporter.
 17139 | Gauntlet | Found a transporter.
 17139 | Gauntlet | Found a transporter.
 17141 | Gauntlet | Found a transporter.
 17141 | Gauntlet | Found a transporter.
 17142 | Gauntlet | Found a transporter.
 17154 | Gauntlet | Found a transporter.
 17168 | Gauntlet | Found a runed translucent door.
 17169 | Gauntlet | Found a transporter.
 17170 | Gauntlet | Found a runed translucent door.
 17179 | Gauntlet | Found a transporter.
 17193 | Gauntlet | Found a transporter.
 17213 | Gauntlet | Found a transporter.
 17282 | Gauntlet | Identified the ring of Ocop Vol {rN+ rCorr Str+2 Dex+6}
 17517 | Gauntlet | Identified the ring "Xinuq" {rF+ rN+ MP+9 Dex+6 Slay+3}
 17579 | Gauntlet | Found the +3 pair of gauntlets of War {Slay+5}
 17579 | Gauntlet | Identified the amulet of the Everdark {Faith Int+3}
 18180 | Lair:1   | Identified the +4 orcbow "Oruyps" {elec, rN+}
 18545 | Lair:2   | Identified the +2 leather armour of Igyunubb {rN+ Will+
                  | rCorr Int-3}
 18570 | Lair:2   | Found a staircase to the Shoals.
 19107 | Lair:3   | Found a hide-covered altar of Uskayaw.
 19145 | Lair:3   | Reached ****** piety under Wu Jian
 19237 | Lair:3   | Found a transporter.
 19239 | Lair:3   | Reached skill level 15 in Long Blades
 19242 | Lair:3   | You fall into a shaft and drop 2 floors!
 19242 | Lair:5   | Entered Level 5 of the Lair of Beasts
 19639 | Lair:4   | Noticed Rupert
 19646 | Lair:4   | Killed Rupert
 19815 | Lair:4   | Found a staircase to the Slime Pits.
 20056 | Lair:4   | Found a frozen archway.
 20071 | IceCv    | Entered an ice cave
 20980 | IceCv    | Noticed a reaper
 20990 | IceCv    | Killed a reaper
 21746 | Lair:3   | Reached XP level 15. HP: 90/126 MP: 15/15
 21847 | Lair:3   | Found a hole to the Spider Nest.
 22285 | Lair:3   | Found a transporter.
 22650 | Lair:5   | Noticed Kirke
 22660 | Lair:5   | Killed Kirke
 23111 | Lair:5   | Found a runed translucent door.
 24099 | Lair:5   | Reached skill level 15 in Fighting
 24140 | Lair:5   | Identified the +0 quarterstaff "Rarph" {drain, *Noise rF+
                  | Will+ Dex+3}
 24388 | D:12     | Identified the +0 chain mail "Wyhuk" {Int+3 Dex+3}
 24502 | D:12     | Identified the +0 leather armour "Pefaanev" {MP+9}
 25991 | D:13     | Found a bloodstained altar of Trog.
 26098 | D:14     | Found a gate to the Vaults.
 26356 | D:14     | Noticed Louise
 26367 | D:14     | Killed Louise
 26624 | D:14     | Identified the staff "String" {+Blink rPois Poison}
 26677 | D:14     | Reached XP level 16. HP: 102/136 MP: 16/16
 27331 | D:15     | Entered Level 15 of the Dungeon
 27508 | D:15     | Identified the +1 robe of Xofeurec {rPois rCorr}
 27974 | D:15     | Found a staircase to the Depths.
 28018 | D:15     | Identified the +1 leather armour of Solemn Curiosity
                  | {Contam Will++ rCorr}
 28323 | Elf:1    | Entered Level 1 of the Elven Halls
 28783 | Elf:1    | Found a shimmering blue altar of Sif Muna.
 28943 | Elf:1    | Reached skill level 15 in Dodging
 28965 | Elf:1    | Identified the amulet of Wiuxzule {RegenMP Fragile rElec
                  | rF- Regen+}
 29792 | Elf:2    | Paralysed by an air elemental for 1 turns
 30244 | Elf:2    | Found Ycvyp's Weapon Shop.
 30777 | Elf:2    | Paralysed by an air elemental for 1 turns
 30863 | Elf:2    | Gained mutation: Your magical and physical power is
                  | slightly enhanced at high health. [demonic ancestry]
 30863 | Elf:2    | Reached XP level 17. HP: 139/146 MP: 17/17
 31396 | Elf:2    | Found a runed translucent gate.
 31397 | Elf:2    | Found a runed translucent gate.
 31397 | Elf:2    | Found a runed translucent gate.
 31538 | Elf:2    | Noticed a deep elf blademaster
 31550 | Elf:2    | Killed a deep elf blademaster
 31551 | Elf:2    | Reached skill level 5 in Throwing
 31889 | Elf:2    | Reached skill level 10 in Evocations
 32216 | Elf:2    | Slain by a +3 lajatang of holy wrath

Illustrated notes

Levels and vault maps discovered:
D:1:      minmay_arrival_nine_rooms, layout_basic, basic_ecumenical_altar
D:2:      layout_loops_ring, feat_on_display
D:3:      layout_basic, grunt_ministairs_13
D:4:      layout_loops_ring, mainiacjoe_overflow_boulevard,
          gup_sewer_entry_bubbles, ebering_ghost_sewer_f, uniq_duvessa
D:5:      layout_rooms, hellmonk_ghost_happy_afterlife,
          hangedman_abyss_or_decor_slice, nicolae_elemental_shop
D:6:      layout_basic
D:7:      layout_rooms, minmay_temple_entry_slanted
D:8:      layout_rooms, gammafunk_ghost_cemetery, special_room
          [special_room_orc]
D:9:      layout_basic, erik_orc_1, special_room [special_room_bee],
          enter_bailey_2, uniq_gastronok
D:10:     layout_basic, hellmonk_ghost_big_iron, serial_shops, kennysheep_mini,
          nicolae_shop_industrial_runoff, shop, shop, shop,
          nicolae_shop_dragon_depot, nicolae_transporter_intersection,
          uniq_sonja, uniq_erolcha
D:11:     layout_stronghold, david_lair_generic, hangedman_misty_isle
D:12:     layout_roguey [special_room_orc]
D:13:     layout_loops_corners, trog_butcher_becter
D:14:     layout_gridville, david_vaults_3, minmay_hedge_maze, uniq_louise
D:15:     grunt_enter_depths_hoard, layout_long_grid, minmay_misc_feat_square
Temple:   nicolae_temple_the_god_donut
Lair:1:   minmay_lair_oklob_tunnel, layout_long_grid, gauntlet_entry_generic,
          st_stairs_3
Lair:2:   layout_loops_ring, minmay_shoals_entry_beasts,
          nicolae_quartered_pool_super, serial_bayou_pond_a, lemuel_old_faithful
Lair:3:   gammafunk_worm_tunnel, layout_regular_city,
          nicolae_spider_entry_tight_spaces, basic_altar, minivault_11,
          lemuel_fruit_tree, serial_bayou_shore_a
Lair:4:   layout_regular_city, minmay_slime_entry_pillars,
          portal_ice_cave_demonic_guard, forest_entry_grove, uniq_rupert
Lair:5:   due_jungle_book, layout_long_grid, pdpol_lair_cabin_in_the_woods,
          uniq_kirke
Orc:1:    gammafunk_beogh_shrine, layout_caves, uniq_fannar
Orc:2:    st_orc_ogre_mass, layout_caves, serial_shops, nicolae_shop_trees
Elf:1:    minmay_elf_arrival_plus, layout_gridlike,
          kennysheep_underground_church, hangedman_summoners_spam,
          grunt_megastairs_2
Elf:2:    nicolae_elf_blades_crystal_corner, layout_loops_ring, serial_shops,
          nicolae_shop_tiny_waterfront, serial_library_hellmonk_layered_room,
          minmay_librarian

Skill      XL: |  1  2  3  4  5  6  7  8  9 10 11 12 13 14 15 16 17 |
---------------+----------------------------------------------------+-----
Long Blades    | 3 5 6 7 9 10 11 12 13 14 15 16 17 | 17.6
Dodging        | 3 5 8 10 11 13 14 15 | 15.6
Fighting       | 3 5 8 9 11 12 14 15 16 17 | 17.0
Evocations     | 5 6 7 8 9 10 | 10.1
Throwing       | 4 6 |  6.0

Action                     |  1- 3 |  4- 6 |  7- 9 | 10-12 | 13-15 | 16-18 || total
---------------------------+-------+-------+-------+-------+-------+-------++-------
  Melee: Long sword        |   112 |   193 |   314 |   500 |   404 |       ||  1523
         Kick              |    11 |    46 |   108 |   153 |   434 |   108 ||   860
         Punch             |       |     2 |     2 |     5 |    13 |     5 ||    27
         Headbutt          |       |     6 |    69 |   108 |   242 |    75 ||   500
         Touch             |       |       |    43 |    95 |   186 |    43 ||   367
         Scimitar          |       |       |       |       |   558 |   266 ||   824
         Unarmed           |       |       |       |       |     1 |       ||     1
  Throw: Throwing net      |     1 |       |     1 |       |       |       ||     2
 Invoke: Serpent's Lash    |       |       |       |       |       |     1 ||     1
Ability: Lunge             |       |       |    17 |    45 |    61 |    42 ||   165
         Whirlwind         |       |       |       |     5 |     8 |     2 ||    15
         Wall Jump         |       |       |       |     1 |     4 |       ||     5
  Evoke: Wand              |       |       |       |     8 |     6 |       ||    14
         Condenser vane    |       |       |       |     1 |     1 |     1 ||     3
         Lightning rod     |       |       |       |       |     5 |     2 ||     7
         Box of beasts     |       |       |       |       |     1 |     1 ||     2
         Phantom mirror    |       |       |       |       |       |     1 ||     1
    Use: Scroll            |       |       |    18 |     5 |    14 |     3 ||    40
         Potion            |       |       |       |     4 |     5 |     3 ||    12
   Stab: Invisible         |       |       |       |     5 |    26 |     3 ||    34
 Armour: Leather armour    |    33 |       |       |       |       |       ||    33
         Scale mail        |    47 |   162 |   270 |   187 |       |       ||   666
         Acid dragon scale |       |       |       |   107 |   261 |   121 ||   489
         Skin              |       |       |       |       |    20 |       ||    20
  Dodge: Dodged            |    80 |   141 |   176 |   358 |   686 |   175 ||  1616
  Block: Other             |       |       |       |       |   112 |    35 ||   147
         Reflection        |       |       |       |       |     6 |     8 ||    14

Table legend: (Time is in decaauts)
 A = Elapsed time spent in this place.
 B = Non-inter-level travel time spent in this place.
 C = Inter-level travel time spent in this place.
 D = Time resting spent in this place.
 E = Time spent auto-exploring this place.
 F = Levels seen in this place.
 G = Mean time per level.
                   A        B        C        D        E       F      G
               +--------+--------+--------+--------+--------+-----+--------+
         Total |  31901 |  30362 |   1539 |   3305 |  21792 |  29 | 1100.0 |
       Dungeon |  17111 |  15986 |   1125 |   1844 |  11593 |  15 | 1140.7 |
        Temple |     22 |      2 |     20 |      0 |      0 |   1 |   22.0 |
          Lair |   5475 |   5247 |    228 |    310 |   4175 |   5 | 1095.0 |
  Orcish Mines |   2493 |   2368 |    125 |    153 |   1589 |   2 | 1246.5 |
   Elven Halls |   3841 |   3801 |     40 |    272 |   2907 |   2 | 1920.5 |
         Sewer |    628 |    628 |      0 |    148 |    303 |   1 |  628.0 |
        Bailey |    645 |    645 |      0 |    311 |    178 |   1 |  645.0 |
      Ice Cave |   1146 |   1146 |      0 |    241 |    671 |   1 | 1146.0 |
      Gauntlet |    537 |    537 |      0 |     23 |    375 |   1 |  537.0 |
               +--------+--------+--------+--------+--------+-----+--------+

Top non-repeatable levels by time:
    D:11: 2462 daAuts
   Elf:2: 1959 daAuts
   Elf:1: 1882 daAuts
  Lair:5: 1810 daAuts
     D:9: 1765 daAuts
     D:8: 1541 daAuts
   Orc:2: 1437 daAuts
     D:6: 1357 daAuts
    D:10: 1228 daAuts
     D:4: 1219 daAuts
   IceCv: 1146 daAuts
    D:14: 1128 daAuts
    D:13: 1078 daAuts
  Lair:3: 1071 daAuts
   Orc:1: 1055 daAuts
